 Dungeon Crawl Stone Soup version 0.23.2-1-ga50397a (webtiles) character file.

Game seed: 16169892214696451499

2476 doot the Zephyrmancer (level 9, 0/47 HPs)
             Began as a Tengu Air Elementalist on May 12, 2019.
             Was a Follower of Vehumet.
             Slain by an orc
             ... wielding a +0 whip
              (1 damage)
             ... on level 8 of the Dungeon.
             The game lasted 00:21:04 (9708 turns).

doot the Zephyrmancer (Tengu Air Elementalist)      Turns: 9708, Time: 00:21:05

Health: 0/47       AC:  5    Str:  8    XL:     9   Next: 51%
Magic:  13/21      EV: 15    Int: 24    God:    Vehumet [*.....]
Gold:   282        SH:  0    Dex: 14    Spells: 7/22 levels left

rFire    . . .     SeeInvis .   D - +0 rapier (drain)
rCold    . . .     Gourm    .   (no shield)
rNeg     . . .     Faith    .   A - +1 leather armour of the Yeti {Int+4} (curse)
rPois    .         Spirit   .   (helmet restricted)
rElec    .         Reflect  .   x - +0 cloak
rCorr    .         Harm     .   (no gloves)
MR       .....                  (boots unavailable)
Stlth    ++........             (no amulet)
HPRegen  0.15/turn              (no ring)
MPRegen  0.17/turn              (no ring)

@: flying quickly and evasively, quick
A: beak, talons 3, able to fly
a: Stop Flying, Renounce Religion


You were on level 8 of the Dungeon.
You worshipped Vehumet.
Vehumet was aware of your devotion.
You were not hungry.

You visited 2 branches of the dungeon, and saw 9 of its levels.

You collected 342 gold pieces.
You spent 60 gold pieces at shops.

Inventory:

Hand Weapons
 m - a +0 mace
 n - a +0 scythe
 t - a +0 dagger
 u - a +2 great sword of draining
 w - a +2 quarterstaff of chaos
 D - a +0 rapier of draining (weapon)
Armour
 a - a +0 robe
 x - a +0 cloak (worn)
 A - the cursed +1 leather armour of the Yeti (worn) {Int+4}
   (You found it on level 6 of the Dungeon)

   It affects your intelligence (+4).
   It has a curse placed upon it.
Magical Staves
 B - an uncursed staff of summoning
Wands
 y - a wand of clouds (3)
Scrolls
 b - 2 scrolls of magic mapping {unknown}
 d - 7 scrolls of remove curse {unknown}
 e - 5 scrolls of random uselessness {unknown}
 h - 3 scrolls of immolation {unknown}
 k - a scroll of teleportation {unknown}
 p - 2 scrolls of noise {unknown}
 r - 2 scrolls of enchant weapon {unknown}
 C - a scroll of fear {unknown}
 E - 2 scrolls of amnesia {unknown}
Potions
 f - a potion of lignification {unknown}
 g - a potion of resistance {unknown}
 i - 2 potions of might
 j - 3 potions of brilliance
 l - a potion of agility {unknown}
 o - 2 potions of curing {unknown}
 q - a potion of heal wounds
 s - a potion of berserk rage {unknown}
 v - a potion of ambrosia {unknown}
 z - 2 potions of magic {unknown}
Comestibles
 c - 13 rations


   Skills:
 + Level 1.1 Fighting
 + Level 1.2 Long Blades
 + Level 0.6 Maces & Flails
 + Level 0.6 Polearms
 + Level 2.2 Armour
 + Level 2.8 Dodging
 + Level 3.3 Stealth
 + Level 7.4 Spellcasting
 + Level 5.2 Conjurations
 + Level 0.7 Charms
 + Level 10.6 Air Magic


You had 7 spell levels left.
You knew the following spells:

 Your Spells              Type           Power        Failure   Level  Hunger
a - Shock                 Conj/Air       ####         1%          1    None
b - Swiftness             Chrm/Air       #####...     1%          2    None
c - Static Discharge      Conj/Air       #####...     1%          3    None
d - Airstrike             Air            ######....   1%          4    ###....
e - Lightning Bolt        Conj/Air       #####.....   11%         5    #####..

Your spell library contained the following spells:

 Spells                   Type           Power        Failure   Level  Hunger
 Magic Dart               Conj           ####         1%          1    None
 Gell's Gravitas          Tloc           #.........   28%         3    None
 Portal Projectile        Hex/Tloc       #.....       28%         3    None
 Force Lance              Conj/Tloc      ###.....     32%         4    ###....
 Dispersal                Tloc           #.........   100%        6    ######.
 Controlled Blink         Tloc           N/A          100%        8    #######
 Disjunction              Tloc           #.........   100%        8    #######


Dungeon Overview and Level Annotations

Branches:
Dungeon (8/15)             Temple (1/1) D:6
   Lair: D:8-11

Altars:
Ashenzari
Cheibriados
Dithmenos
Elyvilon
Fedhas
Gozag
Hepliaklqana
Kikubaaqudgha
Makhleb
Nemelex Xobeh
Okawaru
Qazlal
Ru
Sif Muna
Trog
Uskayaw
Vehumet
Wu Jian
Xom
Yredelemnul
Zin
The Shining One

Shops:
D:4 ***}!   D:6 !


Innate Abilities, Weirdness & Mutations

You have a beak for a mouth.
You have claws for feet.
You can fly continuously.


Message History

The crimson imp blinks!
The centaur barely misses you.
Casting: Static Discharge (safe; 1% risk of failure)
Confirm with . or Enter, or press ? or * to list all spells.
The centaur is struck by an arc of lightning!
You kill the centaur!
Vehumet accepts your kill.
Your Armour skill increases to level 2!
You are struck by an arc of lightning.
The bullfrog gives a loud, deep croak!
You hear a shout!
An orc warrior comes into view. It is wielding a +0 short sword.
An orc warrior comes into view. It is wielding a -2 war axe.
You see here an arrow.
The orc warrior shouts!
The orc misses you.
There is a stone staircase leading up here.
The crimson imp closely misses you.
The orc warrior hits you with a cursed -2 war axe!
* * * LOW HITPOINT WARNING * * *
The orc hits you with a +0 whip.
You die...

... .... ....
.....#### #.
...#..####...
........... ##.
#...(.#
....######@o...##[.
#.##....Fo5........
.....=...o.........
##....o#####.......
####.. ####### ....
##.#F .... .. .o


You could see 2 orc warriors, a bullfrog, a crimson imp and 2 orcs.

Vanquished Creatures
  Sigmund (D:2)
  A hungry ghost (D:7)
  A sky beast (D:5)
  An ice beast (D:5)
  5 ogres
  A necrophage (D:7)
  2 centaurs
  A big kobold (D:7)
  2 bullfrogs
  2 scorpions
  2 wights (D:7)
  5 crimson imps
  3 jellies
  3 orc priests
  A gnoll shaman (D:7)
  Crazy Yiuf (D:3)
  A centaur skeleton (D:7)
  2 hounds
  2 orc wizards (D:6)
  2 worker ants
  A hound zombie (D:7)
  Robin (D:2)
  11 gnolls
  7 adders
  2 shadow imps (D:5)
  4 oozes
  An adder zombie (D:7)
  An adder skeleton (D:7)
  3 worms
  3 dart slugs
  3 leopard geckos
  13 orcs
  3 giant cockroaches
  14 goblins
  11 hobgoblins
  3 jackals (D:2)
  2 quokkas
  3 ball pythons
  9 bats
  9 frilled lizards
  A jackal skeleton (D:5)
  10 kobolds
  A leopard gecko zombie (D:5)
  8 rats
163 creatures vanquished.

Notes
Turn   | Place    | Note
-------+----------+-------------------------------------------
     0 | D:1      | doot the Tengu Air Elementalist began the quest for the
                  | Orb.
     0 | D:1      | Reached XP level 1. HP: 10/10 MP: 4/4
   139 | D:1      | Reached XP level 2. HP: 15/15 MP: 4/6
   601 | D:1      | Learned a level 2 spell: Swiftness
  1015 | D:1      | Reached XP level 3. HP: 12/19 MP: 5/7
  1173 | D:2      | Reached skill level 5 in Air Magic
  1232 | D:2      | Learned a level 3 spell: Static Discharge
  1421 | D:2      | Found an iron altar of Okawaru.
  1454 | D:2      | Reached XP level 4. HP: 24/24 MP: 4/8
  1536 | D:2      | Noticed Sigmund
  2003 | D:3      | Found a stormy altar of Qazlal.
  2004 | D:3      | Noticed an air elemental
  2006 | D:3      | Noticed a fire elemental
  2006 | D:3      | Noticed an earth elemental
  2006 | D:3      | Noticed a water elemental
  2245 | D:3      | Gained mutation: You can fly continuously. [Tengu growth]
  2245 | D:3      | Reached XP level 5. HP: 10/28 MP: 0/10
  2449 | D:2      | Learned a level 4 spell: Airstrike
  2831 | D:2      | Killed Sigmund
  2831 | D:2      | Reached skill level 6 in Air Magic
  2831 | D:2      | Reached XP level 6. HP: 20/32 MP: 1/12
  3040 | D:3      | Found a runed translucent door.
  3041 | D:3      | Noticed Crazy Yiuf
  3697 | D:4      | Found Feamp's Distillery.
  3702 | D:4      | Bought a potion of heal wounds for 60 gold pieces
  3821 | D:4      | Found Fajarr's General Store.
  4111 | D:4      | Reached skill level 7 in Air Magic
  4111 | D:4      | Reached XP level 7. HP: 33/37 MP: 1/14
  4252 | D:4      | Found Olias's Gadget Emporium.
  4364 | D:4      | Found Xunygg's Assorted Antiques.
  4769 | D:2      | Noticed Robin
  4772 | D:2      | Killed Robin
  5149 | D:3      | Found a runed translucent door.
  5262 | D:3      | Found a stormy altar of Qazlal.
  5839 | D:4      | Found Sorch's General Store.
  6001 | D:5      | Entered Level 5 of the Dungeon
  6216 | D:5      | Learned a level 5 spell: Lightning Bolt
  6354 | D:3      | Killed Crazy Yiuf
  6684 | D:5      | Reached skill level 5 in Spellcasting
  6760 | D:5      | Reached skill level 8 in Air Magic
  6760 | D:5      | Reached XP level 8. HP: 42/42 MP: 4/17
  7383 | D:6      | Found a white marble altar of Elyvilon.
  7499 | D:6      | Got a jewelled leather armour
  7500 | D:6      | Identified the cursed +1 leather armour of the Yeti {Int+4}
                  | (You found it on level 6 of the Dungeon)
  7602 | D:6      | Found Bigiumeprod's Distillery.
  7615 | D:6      | Found a staircase to the Ecumenical Temple.
  7618 | D:6      | Reached skill level 9 in Air Magic
  7753 | Temple   | Entered the Ecumenical Temple
  7758 | Temple   | Became a worshipper of Vehumet
  8458 | D:6      | Reached skill level 1 in Long Blades
  8461 | D:6      | Reached skill level 5 in Conjurations
  8740 | D:7      | Reached skill level 1 in Armour
  8740 | D:7      | Reached XP level 9. HP: 46/46 MP: 6/19
  8947 | D:7      | Reached skill level 10 in Air Magic
  9161 | D:7      | Reached skill level 1 in Fighting
  9186 | D:7      | Reached * piety under Vehumet
  9186 | D:7      | Offered knowledge of Magic Dart by Vehumet.
  9708 | D:8      | HP: 1/47 [orc warrior/cursed -2 war axe (16)]
  9708 | D:8      | Slain by an orc

Skill      XL: |  1  2  3  4  5  6  7  8  9 |
---------------+----------------------------+-----
Conjurations   | 2 3 4 5 |  5.2
Air Magic      | 5 6 7 8 9 10 | 10.6
Spellcasting   | 3 4 5 6 7 |  7.4
Stealth        | 3 |  3.3
Long Blades    | 1 |  1.2
Armour         | 1 2 |  2.2
Fighting       | 1 |  1.1
Maces & Flails | |  0.6
Polearms       | |  0.6
Dodging        | |  2.8
Charms         | |  0.7

Action                   |  1- 3 |  4- 6 |  7- 9 || total
-------------------------+-------+-------+-------++-------
Melee: Mace              |       |     7 |       ||     7
       Kick              |       |     4 |     7 ||    11
       Scythe            |       |    15 |       ||    15
       Peck              |       |     1 |     1 ||     2
       Great sword       |       |       |    35 ||    35
 Cast: Shock             |    66 |    56 |    86 ||   208
       Static Discharge  |       |     9 |    13 ||    22
       Airstrike         |       |    13 |    50 ||    63
       Lightning Bolt    |       |       |     9 ||     9
       Swiftness         |       |       |     1 ||     1
 Abil: Fly               |       |     1 |       ||     1
  Use: Scroll            |       |       |     3 ||     3
 Stab: Sleeping          |       |       |     1 ||     1
  Eat: Chunk             |     2 |     8 |    17 ||    27
       Ration            |       |     1 |     3 ||     4
Armor: Robe              |     1 |     5 |     4 ||    10
       Leather armour    |       |       |    14 ||    14
Dodge: Dodged            |     6 |    39 |    49 ||    94
       Rpst.: Great sword |       |       |     9 ||     9
